| TOP OF THE 1ST |
|
Kinston Eagles batting - Pitching for Peninsula Panthers : RHP Bill Aguilar
|
|
Pitching: RHP Bill Aguilar
|
|
|
Batting: LHB Jeffrey Wilson
|
0-0: Called Strike 0-1: Swinging Strike 0-2: Fly out, F9 (Line Drive, 9, EV 100.0 MPH)
|
|
Batting: RHB Butch Davis
|
0-0: SINGLE (Groundball, 6MD, EV 100.0 MPH)
|
|
Batting: LHB Eric Peyton
|
0-0: Ball Butch Davis is caught stealing 2nd base 2-6 1-0: Ball 2-0: Foul Ball, location: 2F 2-1: Ball 3-1: Base on Balls
|
|
Batting: RHB Carlos Ponce
|
0-0: Ball 1-0: Fly out, F6 (Line Drive, 6, EV 68.1 MPH)
|
| Top of the 1st over - 0 runs, 1 hit, 0 errors, 1 left on base; Kinston 0 - Peninsula 0 |
| BOTTOM OF THE 1ST |
|
Peninsula Panthers batting - Pitching for Kinston Eagles : RHP Brian Slagle
|
|
Pitching: RHP Brian Slagle
|
|
|
Batting: SHB Vince Coleman
|
0-0: Ball 1-0: Called Strike 1-1: Ground out 4-3 (Groundball, 34, EV 80.0 MPH)
|
|
Batting: LHB Randy Harvey
|
0-0: Ball 1-0: Called Strike 1-1: Fly out, F3 (Flyball, 3D, EV 83.1 MPH)
|
|
Batting: RHB David Stokes
|
0-0: Ball 1-0: Called Strike 1-1: Swinging Strike 1-2: Ball 2-2: Ground out 6-3 (Groundball, 6, EV 103.1 MPH)
|
| Bottom of the 1st over - 0 runs, 0 hits, 0 errors, 0 left on base; Kinston 0 - Peninsula 0 |
| TOP OF THE 2ND |
|
Kinston Eagles batting - Pitching for Peninsula Panthers : RHP Bill Aguilar
|
|
Batting: RHB Tony Incaviglia
|
0-0: Foul Ball, location: 2F 0-1: SINGLE (Groundball, 56D, EV 96.3 MPH)
|
|
Batting: RHB Alfredo Aceves
|
0-0: Ball 1-0: SINGLE (Groundball, 6MD, EV 97.5 MPH) Tony Incaviglia to second Tony Incaviglia to third
|
|
Batting: RHB Juan Perez
|
0-0: Called Strike 0-1: Fly out, F8 (Line Drive, 8RD, EV 83.8 MPH) Throwing error, E8 Tony Incaviglia scores Alfredo Aceves to second
|
|
Batting: LHB Randall Curtis
|
0-0: SINGLE (Groundball, 6MD, EV 96.9 MPH) Alfredo Aceves to third Runner from 3rd tries for Home, SAFE, throw by CF to home Randall Curtis to second
|
|
Batting: LHB Gregory Burtt
|
0-0: Ball 1-0: Ball 2-0: DOUBLE (Line Drive, 9LM, EV 103.8 MPH) Randall Curtis scores
|
|
Batting: LHB Jeffrey Wilson
|
0-0: Ball 1-0: Called Strike 1-1: Called Strike 1-2: Ball 2-2: Foul Ball, location: 2F 2-2: Ball 3-2: Foul Ball, location: 2F 3-2: Ground out 6-3 (Groundball, 6M, EV 80.6 MPH) Gregory Burtt to third
|
|
Batting: RHB Butch Davis
|
0-0: Called Strike 0-1: Ball 1-1: Foul Ball, location: 2F 1-2: Ball 2-2: Ground out 6-3 (Groundball, 6, EV 86.3 MPH)
|
| Top of the 2nd over - 3 runs, 4 hits, 1 error, 1 left on base; Kinston 3 - Peninsula 0 |
| BOTTOM OF THE 2ND |
|
Peninsula Panthers batting - Pitching for Kinston Eagles : RHP Brian Slagle
|
|
Batting: LHB Ted French
|
0-0: Called Strike 0-1: Fly out, F6 (Popup, 6S, EV 60.6 MPH)
|
|
Batting: SHB Steven Malito
|
0-0: Ball 1-0: Ball 2-0: Ball 3-0: Base on Balls
|
|
Batting: SHB Romel Beck
|
0-0: Foul Ball, location: 2F 0-1: Ball 1-1: Foul Ball, location: 2F 1-2: Ball 2-2: Strikes out looking
|
|
Batting: RHB Lawrence McGee
|
0-0: Ball 1-0: Called Strike 1-1: Called Strike 1-2: Foul Ball, location: 2F 1-2: Ball Steven Malito steals 2nd base (no throw) 2-2: Foul Ball, location: 2F 2-2: Ball 3-2: Strikes out swinging
|
| Bottom of the 2nd over - 0 runs, 0 hits, 0 errors, 1 left on base; Kinston 3 - Peninsula 0 |
| TOP OF THE 3RD |
|
Kinston Eagles batting - Pitching for Peninsula Panthers : RHP Bill Aguilar
|
|
Batting: LHB Eric Peyton
|
0-0: Called Strike 0-1: Called Strike 0-2: Foul Ball, location: 2F 0-2: Strikes out looking
|
|
Batting: RHB Carlos Ponce
|
0-0: Ball 1-0: Called Strike 1-1: Swinging Strike 1-2: Ground out 6-3 (Groundball, 6, EV 103.1 MPH)
|
|
Batting: RHB Tony Incaviglia
|
0-0: Ball 1-0: Ground out 6-3 (Groundball, 6, EV 86.9 MPH)
|
| Top of the 3rd over - 0 runs, 0 hits, 0 errors, 0 left on base; Kinston 3 - Peninsula 0 |
| BOTTOM OF THE 3RD |
|
Peninsula Panthers batting - Pitching for Kinston Eagles : RHP Brian Slagle
|
|
Batting: RHB Franklin McKinney
|
0-0: Foul Ball, location: 2F 0-1: SINGLE (Groundball, 25, EV 67.5 MPH) (infield hit)
|
|
Batting: RHB David Stevens
|
0-0: Called Strike Franklin McKinney steals 2nd base 0-1: Ground out 5-3 (Groundball, 5, EV 83.1 MPH)
|
|
Batting: SHB Vince Coleman
|
0-0: Ball 1-0: Called Strike 1-1: Called Strike 1-2: Ball 2-2: Ball 3-2: Ground out 4-3 (Groundball, 4S, EV 83.8 MPH) Franklin McKinney to third
|
|
Batting: LHB Randy Harvey
|
0-0: Ball 1-0: Ball 2-0: Called Strike 2-1: Swinging Strike 2-2: Ball 3-2: Foul Ball, location: 2F 3-2: Foul Ball, location: 2F 3-2: Foul Ball, location: 2F 3-2: Base on Balls
|
|
Batting: RHB David Stokes
|
0-0: Ball 1-0: Ball 2-0: Called Strike 2-1: Ball 3-1: Swinging Strike 3-2: Strikes out looking
|
| Bottom of the 3rd over - 0 runs, 1 hit, 0 errors, 2 left on base; Kinston 3 - Peninsula 0 |
| TOP OF THE 4TH |
|
Kinston Eagles batting - Pitching for Peninsula Panthers : RHP Bill Aguilar
|
|
Batting: RHB Alfredo Aceves
|
0-0: Ball 1-0: Ball 2-0: Foul Ball, location: 2F 2-1: Foul Ball, location: 2F 2-2: Foul Ball, location: 2F 2-2: Strikes out swinging
|
|
Batting: RHB Juan Perez
|
0-0: Ball 1-0: Ground out 5-3 (Groundball, 5, EV 89.4 MPH)
|
|
Batting: LHB Randall Curtis
|
0-0: Ball 1-0: Ball 2-0: Ground out U3 (Groundball, 3, EV 90.0 MPH)
|
| Top of the 4th over - 0 runs, 0 hits, 0 errors, 0 left on base; Kinston 3 - Peninsula 0 |
| BOTTOM OF THE 4TH |
|
Peninsula Panthers batting - Pitching for Kinston Eagles : RHP Brian Slagle
|
|
Batting: LHB Ted French
|
0-0: Ball 1-0: Ball 2-0: Called Strike 2-1: Ground out 6-3 (Groundball, 6, EV 90.0 MPH)
|
|
Batting: SHB Steven Malito
|
0-0: Ball 1-0: Ball 2-0: Ball 3-0: Base on Balls
|
|
Batting: SHB Romel Beck
|
0-0: Ball 1-0: Fielders Choice at 2nd, 4-6 (Groundball, 4D, EV 103.8 MPH)
|
|
Batting: RHB Lawrence McGee
|
0-0: Ball 1-0: Ball 2-0: Called Strike 2-1: Foul Ball, location: 2F 2-2: Strikes out swinging, 2-3 out at first.
|
| Bottom of the 4th over - 0 runs, 0 hits, 0 errors, 1 left on base; Kinston 3 - Peninsula 0 |
| TOP OF THE 5TH |
|
Kinston Eagles batting - Pitching for Peninsula Panthers : RHP Bill Aguilar
|
|
Batting: LHB Gregory Burtt
|
0-0: Swinging Strike 0-1: Fly out, F9 (Line Drive, 9D, EV 95.6 MPH)
|
|
Batting: LHB Jeffrey Wilson
|
0-0: Called Strike 0-1: Ball 1-1: Ball 2-1: Ball 3-1: Base on Balls
|
|
Batting: RHB Butch Davis
|
0-0: Called Strike 0-1: Fielders Choice at 2nd, 4-6 (Groundball, 4M, EV 80.6 MPH)
|
|
Batting: LHB Eric Peyton
|
0-0: Ball Butch Davis steals 2nd base 1-0: DOUBLE (Groundball, 3L, EV 104.4 MPH) Butch Davis scores
|
|
Batting: RHB Carlos Ponce
|
0-0: Called Strike 0-1: Called Strike 0-2: Fly out, F5 (Popup, 56S, EV 75.6 MPH)
|
| Top of the 5th over - 1 run, 1 hit, 0 errors, 1 left on base; Kinston 4 - Peninsula 0 |
| BOTTOM OF THE 5TH |
|
Peninsula Panthers batting - Pitching for Kinston Eagles : RHP Brian Slagle
|
|
Batting: RHB Franklin McKinney
|
0-0: Ground out 5-3 (Groundball, 56, EV 88.1 MPH)
|
|
Batting: RHB David Stevens
|
0-0: Called Strike 0-1: Foul Ball, location: 2F 0-2: Strikes out looking
|
|
Batting: SHB Vince Coleman
|
0-0: Called Strike 0-1: Ball 1-1: Foul Ball, location: 2F 1-2: Strikes out swinging
|
| Bottom of the 5th over - 0 runs, 0 hits, 0 errors, 0 left on base; Kinston 4 - Peninsula 0 |
| TOP OF THE 6TH |
|
Kinston Eagles batting - Pitching for Peninsula Panthers : RHP Bill Aguilar
|
|
Batting: RHB Tony Incaviglia
|
0-0: Ball 1-0: Ball 2-0: Fly out, F4 (Popup, 3S, EV 78.1 MPH)
|
|
Batting: RHB Alfredo Aceves
|
0-0: SINGLE (Line Drive, 78M, EV 97.5 MPH)
|
|
Batting: RHB Juan Perez
|
0-0: Ball 1-0: SINGLE (Line Drive, 89M, EV 104.4 MPH) Alfredo Aceves to second
|
|
Batting: LHB Randall Curtis
|
0-0: Called Strike 0-1: Foul Ball, location: 2F 0-2: SINGLE (Groundball, 4MD, EV 103.1 MPH) Alfredo Aceves to third Juan Perez to second
|
|
Batting: LHB Gregory Burtt
|
0-0: Called Strike 0-1: Fly out, F7 (Line Drive, 7D, EV 91.3 MPH) Runner from 3rd tags up, SCORES, no throw by LF Juan Perez to third
|
|
Batting: LHB Jeffrey Wilson
|
0-0: Swinging Strike 0-1: Swinging Strike 0-2: Fielders Choice at 2nd, 6-4 (Groundball, 6, EV 85.6 MPH)
|
| Top of the 6th over - 1 run, 3 hits, 0 errors, 2 left on base; Kinston 5 - Peninsula 0 |
| BOTTOM OF THE 6TH |
|
Peninsula Panthers batting - Pitching for Kinston Eagles : RHP Brian Slagle
|
|
Batting: LHB Randy Harvey
|
0-0: Ground out 4-3 (Groundball, 4, EV 103.1 MPH)
|
|
Batting: RHB David Stokes
|
0-0: Called Strike 0-1: Ball 1-1: Ground out 4-3 (Groundball, 4, EV 93.8 MPH)
|
|
Batting: LHB Ted French
|
0-0: Ball 1-0: Foul Ball, location: 2F 1-1: Foul Ball, location: 2F 1-2: Ball 2-2: Strikes out looking
|
| Bottom of the 6th over - 0 runs, 0 hits, 0 errors, 0 left on base; Kinston 5 - Peninsula 0 |
| TOP OF THE 7TH |
|
Kinston Eagles batting - Pitching for Peninsula Panthers : RHP Bill Aguilar
|
|
Batting: RHB Butch Davis
|
0-0: Ball 1-0: Swinging Strike 1-1: Swinging Strike 1-2: Ball 2-2: Foul Ball, location: 2F 2-2: SOLO HOME RUN (Flyball, 78XD, EV 99.4 MPH), Distance : 428 ft
|
|
Pitching: RHP Guy Jones
|
|
|
Batting: LHB Eric Peyton
|
0-0: Ground out 6-3 (Groundball, 6, EV 104.4 MPH)
|
|
Batting: RHB Carlos Ponce
|
0-0: Called Strike 0-1: Called Strike 0-2: SINGLE (Groundball, 6MD, EV 99.4 MPH)
|
|
Batting: RHB Tony Incaviglia
|
Pickoff Throw to First - Error! E1 Carlos Ponce to second 0-0: Ball 1-0: Called Strike 1-1: SINGLE (Line Drive, 9LS, EV 102.5 MPH) Carlos Ponce to third Runner from 3rd tries for Home, throw by RF and OUT! 9-2 Tony Incaviglia to second
|
|
Batting: RHB Alfredo Aceves
|
0-0: Called Strike 0-1: Ball 1-1: Swinging Strike 1-2: Strikes out swinging
|
| Top of the 7th over - 1 run, 3 hits, 1 error, 1 left on base; Kinston 6 - Peninsula 0 |
| BOTTOM OF THE 7TH |
|
Peninsula Panthers batting - Pitching for Kinston Eagles : RHP Brian Slagle
|
|
Batting: SHB Steven Malito
|
0-0: Ball 1-0: Ground out 4-3 (Groundball, 4, EV 103.1 MPH)
|
|
Batting: SHB Romel Beck
|
0-0: Ball 1-0: Ball 2-0: Foul Ball, location: 2F 2-1: Ball 3-1: Foul Ball, location: 2F 3-2: Ground out 6-3 (Groundball, 6, EV 103.1 MPH)
|
|
Batting: RHB Lawrence McGee
|
0-0: Ball 1-0: Foul Ball, location: 2F 1-1: DOUBLE (Flyball, 78D, EV 104.4 MPH)
|
|
Batting: RHB Franklin McKinney
|
0-0: Called Strike 0-1: Ball 1-1: Ground out 6-3 (Groundball, 6, EV 87.5 MPH)
|
| Bottom of the 7th over - 0 runs, 1 hit, 0 errors, 1 left on base; Kinston 6 - Peninsula 0 |
| TOP OF THE 8TH |
|
Kinston Eagles batting - Pitching for Peninsula Panthers : RHP Guy Jones
|
|
Batting: RHB Juan Perez
|
0-0: Foul Ball, location: 2F 0-1: Called Strike 0-2: Ball 1-2: Foul Ball, location: 2F 1-2: Ball 2-2: Foul Ball, location: 2F 2-2: Foul Ball, location: 2F 2-2: Ball 3-2: Foul Ball, location: 2F 3-2: Foul Ball, location: 2F 3-2: Base on Balls
|
|
Batting: LHB Randall Curtis
|
0-0: Called Strike 0-1: Fly out, F9 (Flyball, 9S, EV 95.6 MPH)
|
|
Batting: LHB Gregory Burtt
|
0-0: Called Strike 0-1: SINGLE (Line Drive, 89S, EV 107.5 MPH) Juan Perez to second
|
|
Batting: LHB Jeffrey Wilson
|
0-0: Ball 1-0: Fly out, F8 (Flyball, 8LD, EV 103.1 MPH)
|
|
Batting: RHB Butch Davis
|
0-0: Ball 1-0: Fly out, F8 (Line Drive, 8RM, EV 88.8 MPH)
|
| Top of the 8th over - 0 runs, 1 hit, 0 errors, 2 left on base; Kinston 6 - Peninsula 0 |
| BOTTOM OF THE 8TH |
|
Peninsula Panthers batting - Pitching for Kinston Eagles : RHP Brian Slagle
|
|
Batting: RHB David Stevens
|
0-0: Ball 1-0: Swinging Strike 1-1: Foul Ball, location: 2F 1-2: Ball 2-2: Ground out 1-3 (Groundball, 23, EV 60.0 MPH)
|
|
Batting: SHB Vince Coleman
|
0-0: Ground out 6-3 (Groundball, 6S, EV 68.8 MPH)
|
|
Batting: LHB Randy Harvey
|
0-0: Called Strike 0-1: Called Strike 0-2: Fly out, F4 (Line Drive, 4, EV 69.4 MPH)
|
| Bottom of the 8th over - 0 runs, 0 hits, 0 errors, 0 left on base; Kinston 6 - Peninsula 0 |
| TOP OF THE 9TH |
|
Kinston Eagles batting - Pitching for Peninsula Panthers : RHP Guy Jones
|
|
Batting: LHB Eric Peyton
|
0-0: Ball 1-0: Called Strike 1-1: SINGLE (Groundball, 6MD, EV 94.4 MPH)
|
|
Batting: RHB Carlos Ponce
|
0-0: Ball 1-0: Called Strike 1-1: Foul Ball, location: 2F 1-2: Ball 2-2: SINGLE (Groundball, 56, EV 86.3 MPH) (infield hit) Eric Peyton to second
|
|
Batting: RHB Tony Incaviglia
|
0-0: Fielders Choice at 2nd, 1-4 (Groundball, 15, EV 69.4 MPH) Eric Peyton to third
|
|
Batting: RHB Alfredo Aceves
|
0-0: Called Strike 0-1: Fly out, F8 (Flyball, 78D, EV 105.6 MPH) Runner from 3rd tags up, SCORES, no throw by CF
|
|
Batting: RHB Juan Perez
|
0-0: Ball 1-0: Called Strike 1-1: Ball 2-1: Ball 3-1: Foul Ball, location: 2F 3-2: Strikes out swinging
|
| Top of the 9th over - 1 run, 2 hits, 0 errors, 1 left on base; Kinston 7 - Peninsula 0 |
| BOTTOM OF THE 9TH |
|
Peninsula Panthers batting - Pitching for Kinston Eagles : RHP Brian Slagle
|
|
Pinch Hitting: RHB Douglas Elliott
|
0-0: Ball 1-0: Ball 2-0: Called Strike 2-1: Ball 3-1: Ground out 5-3 (Groundball, 56, EV 90.6 MPH)
|
|
Batting: LHB Ted French
|
0-0: Ball 1-0: Ball 2-0: Ball 3-0: Called Strike 3-1: Base on Balls
|
|
Batting: SHB Steven Malito
|
0-0: Foul Ball, location: 2F 0-1: Ball 1-1: Called Strike 1-2: Ball 2-2: Ground out 6-3 (Groundball, 6S, EV 71.9 MPH) Ted French to second
|
|
Batting: SHB Romel Beck
|
0-0: Ball 1-0: Ball 2-0: Foul Ball, location: 2F 2-1: Swinging Strike 2-2: Strikes out swinging
|
| Bottom of the 9th over - 0 runs, 0 hits, 0 errors, 1 left on base; Kinston 7 - Peninsula 0 |
|